 Dungeon Crawl Stone Soup version 0.20.1-1-g8b1a95d (console) character file.

144 bli the Skirmisher (level 5, -4/36 HPs)
             Began as a Demonspawn Wanderer on July 28, 2017.
             Was an Initiate of Hepliaklqana.
             Killed by divine providence
             ... invoked by an orc priest
              (10 damage)
             ... on level 3 of the Dungeon.
             The game lasted 00:10:30 (2323 turns).

bli the Skirmisher (Demonspawn Wanderer)            Turns: 2323, Time: 00:10:31

Health: -4/36      AC:  6    Str: 16    XL:     5   Next: 5%
Magic:  0/5        EV: 11    Int: 11    God:    Hepliaklqana [......]
Gold:   126        SH:  0    Dex: 12    Spells: 4/4 levels left

rFire    + . .     SeeInvis .   b - +0 flail
rCold    . . .     Gourm    .   (no shield)
rNeg     . . .     Faith    .   c - +0 ring mail
rPois    .         Spirit   +   u - +0 helmet
rElec    .         Reflect  .   q - scarf {repulsion}
rCorr    .         Harm     .   (no gloves)
MR       .....                  (no boots)
Stlth    +.........             (no amulet)
Regen    0.2/turn               o - ring of protection from fire
MPRegen  0.1/turn               (no ring)

@: hasted, repel missiles, very quick
A: reduced essence, talons 1, magic shield
a: Recall Ancestor, Ancestor Identity, Renounce Religion


You were on level 3 of the Dungeon.
You worshipped Hepliaklqana.
Hepliaklqana was noncommittal.
You were hungry.

You visited 1 branch of the dungeon, and saw 4 of its levels.

You collected 126 gold pieces.

Inventory:

Hand Weapons
 a - a +0 hand axe
 b - a +0 flail (weapon)
 w - a +2 dagger
Missiles
 e - 88 stones (quivered)
Armour
 c - a +0 ring mail (worn)
 n - a +0 cloak
 q - a scarf of repulsion (worn)
 s - a +0 ring mail
 u - a +0 helmet (worn)
 y - a +0 leather armour
Jewellery
 o - a ring of protection from fire (left hand)
Scrolls
 d - 3 scrolls of teleportation
 g - 2 scrolls of remove curse {unknown}
 h - a scroll of noise {unknown}
 j - 3 scrolls of identify {unknown}
 k - a scroll of enchant weapon {unknown}
 l - a scroll of fog {unknown}
 r - a scroll of magic mapping {unknown}
 v - a scroll of fear {unknown}
 x - a scroll of enchant armour {unknown}
Potions
 m - a potion of might
Comestibles
 f - 2 bread rations
 p - a meat ration
 z - 2 chunks of flesh


   Skills:
 * Level 3.4 Fighting
 - Level 2.0(2.4) Axes
 + Level 1.8(2.3) Maces & Flails
 - Level 2.0 Throwing
 + Level 2.5 Dodging
 + Level 2.5 Stealth


You had 4 spell levels left.
You didn't know any spells.

Dungeon Overview and Level Annotations

Branches:
Dungeon (4/15)
 Temple: D:4-7

Altars:
Hepliaklqana


Innate Abilities, Weirdness & Mutations

You have sharp toenails.
When hurt, damage is shared between your health and your magic reserves.
Your life essence is reduced to manifest your ancestor. (-10% HP)


Message History

* * * LOW HITPOINT WARNING * * *
You miss something. Something hits you but does no damage.
You miss something. Something completely misses you.
Something hits you but does no damage.
You miss something. You barely miss the orc. You hit the orc.
The orc is heavily wounded.
The orc barely misses you.
You barely miss the orc.
The orc is heavily wounded.
The orc hits you.
* * * LOW HITPOINT WARNING * * *
You hit the orc. You claw the orc.
You kill the orc!
A magic dart appears from out of thin air!
The magic dart hits you!
* * * LOW HITPOINT WARNING * * *
The orc priest calls down the wrath of Beogh upon you.
Beogh smites you!
You die...

##### ### ######>..# ## #..
..#.)....# ..#.# #.#.##...#
## #.#.# #.#.###.## . ..
#.#.########.#.# #.# #.
.###..........#.#.###.###
.......#...................
#.#.#.#.#.#.####.#.####.####
......#.#.#.# #.#....(....#
..........#@# #.######.##.#
#####.#.#.###g## #.# #.# #
#..#. #.#.รท...o# ..# #.#
#..#.#####.oo.....# .## #.#
#...........##....# . #.# #
..........##.#### #.#
#.##.#..##.###.# .#
#.......##o# #.#
......o....# #.#
#.##g#.##### #.# # #.# #.#


You could see an orc priest and a hobgoblin.

Vanquished Creatures
  A centaur skeleton (D:3)
  A gnoll (D:1)
  4 adders
  An ooze (D:2)
  3 worms
  2 leopard geckos
  An orc (D:3)
  3 giant cockroaches
  9 goblins
  7 hobgoblins
  4 jackals (D:1)
  5 kobolds
  6 bats
  2 frilled lizards
  5 rats
54 creatures vanquished.

Notes
Turn   | Place    | Note
-------+----------+-------------------------------------------
     0 | D:1      | bli the Demonspawn Wanderer began the quest for the Orb.
     0 | D:1      | bli set off with: a +2 dagger, a potion of haste, a +0 ring mail, a scroll of teleportation, a bread ration
     0 | D:1      | Reached XP level 1. HP: 16/16 MP: 1/1
   123 | D:1      | Gained mutation: When hurt, damage is shared between your health and your magic reserves. [demonic ancestry]
   123 | D:1      | Reached XP level 2. HP: 22/22 MP: 2/2
   418 | D:1      | Reached XP level 3. HP: 13/28 MP: 1/3
  1633 | D:2      | Reached skill level 1 in Axes
  1652 | D:2      | Gained mutation: You have sharp toenails. [demonic ancestry]
  1652 | D:2      | Reached XP level 4. HP: 22/34 MP: 2/4
  1818 | D:2      | Found a hazy altar of Hepliaklqana.
  1830 | D:2      | Became a worshipper of Hepliaklqana the Forgotten
  1959 | D:2      | You fall through a shaft for 2 floors!
  2237 | D:3      | Reached skill level 3 in Fighting
  2316 | D:3      | Reached XP level 5. HP: 16/36 MP: 1/5
  2323 | D:3      | Killed from afar by an orc priest

Skill      XL: |  1  2  3  4 |
---------------+-------------+-----
Stealth        | 2 |  2.5
Dodging        | 2 |  2.5
Throwing       | 2 |  2.0
Axes           | 1 2 |  2.0
Fighting       | 3 |  3.4
Maces & Flails | |  1.8

Action                   |  1- 3 |  4- 6 || total
-------------------------+-------+-------++-------
Melee: Dagger            |    20 |       ||    20
       Hand axe          |    95 |    13 ||   108
       Flail             |       |    34 ||    34
       Kick              |       |     9 ||     9
  Use: Potion            |       |     2 ||     2
 Stab: Sleeping          |     1 |       ||     1
  Eat: Chunk             |     2 |     2 ||     4
Armor: Ring mail         |    30 |    16 ||    46
Dodge: Dodged            |    61 |    27 ||    88
       Deflected         |       |     1 ||     1
